 Dungeon Crawl Stone Soup version 0.19.0-11-g3fc08b3 (webtiles) character file.

169 MovingMist the Skirmisher (level 5, 0/34 HPs)
             Began as a Gargoyle Fighter on Nov 9, 2016.
             Killed by nerve-wracking pain
             ... invoked by Grinder
              (4 damage)
             ... on level 4 of the Dungeon on Nov 10, 2016.
             The game lasted 00:07:10 (2631 turns).

MovingMist the Skirmisher (Gargoyle Fighter)        Turns: 2631, Time: 00:07:10

Health: 0/34       AC: 10    Str: 20    XL:     5   Next: 50%
Magic:  5/5        EV:  8    Int:  8    God:
Gold:   155        SH:  9    Dex: 10    Spells: 0 memorised, 4 levels left

rFire  . . .     SeeInvis .     v - +0 morningstar
rCold  . . .     Gourm    .     b - +0 scale mail
rNeg   + . .     Faith    .     c - +0 shield
rPois  ∞         Spirit   .     (no helmet)
rElec  +         Reflect  .     (no cloak)
rCorr  .         Harm     .     (no gloves)
MR     .....                    (no boots)
Stlth  ..........               p - amulet of regeneration
                                (no ring)
                                (no ring)

@: no status effects
A: negative energy resistance 1, electricity resistance, unbreathing,
petrification resistance, rot immunity, AC +4
a: no special abilities


You were on level 4 of the Dungeon.
You were not hungry.

You visited 1 branch of the dungeon, and saw 4 of its levels.

You collected 155 gold pieces.

Inventory:

Hand Weapons
 a - a +0 flail
 v - a +0 morningstar (weapon)
Armour
 b - a +0 scale mail (worn)
 c - a +0 shield (worn)
Jewellery
 p - an amulet of regeneration (around neck)
Scrolls
 i - a scroll of remove curse
 k - 2 scrolls of noise {unknown}
 n - a scroll of teleportation {unknown}
 o - 2 scrolls of enchant weapon {unknown}
 q - a scroll of blinking {unknown}
 t - a scroll of identify
Potions
 d - a potion of might
 e - 3 potions of flight
 j - a potion of lignification {unknown}
 r - a potion of curing {unknown}
 s - a potion of invisibility {unknown}
Comestibles
 f - 3 bread rations
 g - 2 slices of pizza
 h - a beef jerky
 l - 2 meat rations
 m - 9 fruits
 u - a chunk of flesh


   Skills:
 + Level 4.3 Fighting
 + Level 3.0 Maces & Flails
 - Level 3.2 Armour
 * Level 2.3 Dodging
 + Level 4.0 Shields


You had 4 spell levels left.
You didn't know any spells.

Dungeon Overview and Level Annotations

Branches:
Dungeon (4/15)
 Temple: D:4-7

Altars:
Dithmenos
Nemelex Xobeh

Annotations:
D:4 Grinder


Innate Abilities, Weirdness & Mutations

You are resistant to torment.
Your stone body is resilient. (AC +4)
You are immune to poison.
You resist negative energy. (rN+)
You are resistant to electric shocks. (rElec)
You can survive without breathing.
You are immune to petrification.
You are immune to rotting.


Message History

You can move again.
You puncture Grinder!
Grinder is almost dead.
Grinder barely misses you. You block Grinder's attack.
You barely miss Grinder.
Grinder is almost dead.
Grinder gestures at you.
You barely resist.
Your scale mail prevents you from hitting Grinder.
Grinder is almost dead.
Grinder barely misses you. Grinder hits you.
* * * LOW HITPOINT WARNING * * *
You closely miss Grinder.
Grinder is almost dead.
Grinder barely misses you.
You closely miss Grinder.
Grinder is almost dead.
Grinder gestures at you. Pain shoots through your body!
You die...

###...#.# #.... #...#.#.#
#.##. #.#...#.# # #.##.
#.#####.# # #.#.##. #.#
##.#.# #.#.##. ##†###.....#
#...... # #...#.....##
###.##. #...#...5....##
#.##.
.....#....@......######_##.
.#####.......[.)........##.
#.......>...#####.....
####.......## #.##..
##.....## #.##.. ##...##
#..... #.## ###### .# # #


You could see Grinder.

Vanquished Creatures
  4 gnolls (D:2)
  6 adders
  2 oozes (D:1)
  3 worms
  3 dart slugs
  2 leopard geckos
  2 giant cockroaches
  5 goblins
  4 hobgoblins
  6 kobolds
  2 quokkas (D:3)
  3 ball pythons
  7 bats
  4 frilled lizards
  5 rats
58 creatures vanquished.

Notes
Turn   | Place    | Note
-------+----------+-------------------------------------------
     0 | D:1      | MovingMist the Gargoyle Fighter began the quest for the Orb.
     0 | D:1      | Reached XP level 1. HP: 14/14 MP: 1/1
   134 | D:1      | Reached XP level 2. HP: 19/19 MP: 2/2
   504 | D:1      | Reached skill level 1 in Dodging
   504 | D:1      | Reached XP level 3. HP: 20/23 MP: 3/3
   764 | D:2      | Reached XP level 4. HP: 23/29 MP: 4/4
  1425 | D:2      | Found a sparkling altar of Nemelex Xobeh.
  1591 | D:2      | Reached XP level 5. HP: 23/33 MP: 5/5
  2414 | D:4      | Found a shadowy altar of Dithmenos.
  2591 | D:4      | Noticed Grinder
  2595 | D:4      | Paralysed by Grinder for 5 turns
  2611 | D:4      | Paralysed by Grinder for 6 turns
  2624 | D:4      | Paralysed by Grinder for 3 turns
  2631 | D:4      | Killed from afar by Grinder

Skill      XL: |  1  2  3  4  5 |
---------------+----------------+-----
Dodging        | 1 2 |  2.3
Fighting       | 4 |  4.3
Shields        | 4 |  4.0
Maces & Flails | 3 |  3.0
Armour         | |  3.2

Action                   |  1- 3 |  4- 6 || total
-------------------------+-------+-------++-------
Melee: Flail             |    96 |   135 ||   231
       Morningstar       |       |    28 ||    28
  Use: Scroll            |       |     5 ||     5
  Eat: Chunk             |       |     6 ||     6
Armor: Scale mail        |    45 |    88 ||   133
Dodge: Dodged            |    16 |    57 ||    73
Block: Shield            |    50 |    91 ||   141
